 Dungeon Crawl Stone Soup version 0.30.0-29-ga12c61a403 (webtiles) character file.

Game seed: 14338346706281438799

4 cheesebisquit the Grave Robber (level 1, -2/15 HPs)
             Began as a Ghoul Necromancer on June 7, 2023.
             Slain by a kobold
             ... wielding a +0 short sword
              (3 damage)
             ... on level 1 of the Dungeon.
             The game lasted 00:01:28 (181 turns).

cheesebisquit the Grave Robber (Ghoul Necromancer)   Turns: 181, Time: 00:01:29

Health: -2/15      AC:  2    Str: 11    XL:     1   Next: 70%
Magic:  0/2        EV: 12    Int: 10    God:
Gold:   0          SH:  0    Dex:  9    Spells: 2/3 levels left

rFire   . . .        b - +0 short sword
rCold   + . .        (no shield)
rNeg    + + +        a - +0 robe
rPois   ∞            (no helmet)
rElec   .            (no cloak)
rCorr   .            (no gloves)
SInv    .            (no boots)
Will    .....        (no amulet)
Stlth   ++           (no ring)
HPRegen 0.00/turn    (no ring)
MPRegen 0.08/turn

%: no passive effects
@: inhibited regen
A: claws 1, cold resistance 1, negative energy resistance 3, inhibited
regeneration, torment resistance 2, devour on kill
a: no special abilities


You were on level 1 of the Dungeon.
You visited 1 branch of the dungeon, and saw 1 of its levels.

Inventory:

Hand Weapons
 b - a +0 short sword (weapon)
Armour
 a - a +0 robe (worn)
Scrolls
 c - a scroll of fear {unknown}


   Skills:
 + Level 0.5 Fighting
 + Level 1.9 Dodging
 + Level 2.4 Stealth
 - Level 1.7 Spellcasting
 - Level 4.0 Necromancy


You had 2 spell levels left.
You knew the following spells:

 Your Spells              Type           Power      Damage    Failure   Level
a - Necrotise             Necr           32%        1d5       6%          1

Your spell library contained the following spells:

 Spells                   Type           Power      Damage    Failure   Level
 Vampiric Draining        Necr           8%         2d6       19%         3
 Animate Dead             Necr           8%         N/A       52%         4
 Agony                    Necr           8%         N/A       86%         5


Dungeon Overview and Level Annotations

Branches:
Dungeon (1/15)

Altars:


Innate Abilities, Weirdness & Mutations

You are immune to poison.
You have sharp fingernails.
Your flesh is cold resistant. (rC+)
You are immune to negative energy. (rN+++)
You do not regenerate when monsters are visible.
You are immune to unholy pain and torment.
You thrive by killing the living.


Message History

You hit the endoplasm but do no damage.
The endoplasm is severely wounded.
The endoplasm misses you.
You hit the endoplasm but do no damage.
The endoplasm is severely wounded.
The endoplasm completely misses you.
Aiming: Necrotise (safe; 6% risk of failure)
Press: ? - help, Q - select action Shift-Dir - straight line, f/p - endoplasm
Aim: an endoplasm (severely wounded, chance to affect: 75%)
The endoplasm writhes in agony.
You kill the endoplasm!
The hobgoblin shouts!
You hear a shout!
The hobgoblin writhes in agony.
The hobgoblin writhes in agony.
You kill the hobgoblin!
The dead are walking!
A goblin comes into view. It is wielding a +0 club.
A kobold comes into view. It is wielding a +0 short sword.
The goblin hits your hobgoblin skeleton with a +0 club.
The goblin hits your hobgoblin skeleton with a +0 club.
Your hobgoblin skeleton is destroyed!
The kobold struggles to resist.
You hit the kobold.
The kobold is moderately wounded.
The kobold hits you with a +0 short sword.
You hit the kobold but do no damage.
The kobold is moderately wounded.
The kobold hits you with a +0 short sword.
You hit the kobold but do no damage.
The kobold is moderately wounded.
The kobold hits you with a +0 short sword.
* * * LOW HITPOINT WARNING * * *
You closely miss the kobold.
The kobold is moderately wounded.
The kobold hits you with a +0 short sword.
* * * LOW HITPOINT WARNING * * *
You hit the kobold but do no damage.
The kobold is moderately wounded.
The kobold hits you with a +0 short sword.
You die...

######################
#..#..#.##...#.......#
##..##..#.##....#....
#..#..#.#...#....#
##....###.#.....#.#
###.#.@K#..#...# .
##.######g#...#..##.#
#. ...# ##.#K.##..g..
#.###..##.##..g...##.
#..###.#.#..#...#..#
##.#.###.##.#.#..##..
#.##...#.#.. . .#..#.
#..####.##.. #.##....
###..#..#.#. . .##


You could see a goblin and a kobold.

Vanquished Creatures
  An endoplasm (D:1)
  A hobgoblin (D:1)
  A quokka (D:1)
  A kobold (D:1)
4 creatures vanquished.

Notes
Turn   | Place    | Note
-------+----------+-------------------------------------------
     0 | D:1      | cheesebisquit the Ghoul Necromancer began the quest for the
                  | Orb.
     0 | D:1      | Reached XP level 1. HP: 14/14 MP: 2/2
   181 | D:1      | Slain by a kobold

Illustrated notes

Levels and vault maps discovered:
D:1:      erik_arrival_cave_to_civilisation [erik_arrival_cave_to_hall],
          layout_basic

Action                     || total
---------------------------++-------
  Melee: Short sword       ||     9
         Unarmed           ||     1
   Cast: Necrotise         ||     9
    Use: Potion            ||     1
  Dodge: Dodged            ||     3
